 Dungeon Crawl Stone Soup version 0.28.0-45-g0d030f2227 (webtiles) character file.

Game seed: 9429446033209000230

21 champignon the Slasher (level 2, 0/22 HPs)
             Began as a Demonspawn Gladiator on Apr 4, 2022.
             Succumbed to an adder's poison
             ... on level 2 of the Dungeon.
             The game lasted 00:01:33 (1235 turns).

champignon the Slasher (Demonspawn Gladiator)       Turns: 1235, Time: 00:01:33

Health: 0/22       AC:  4    Str: 14    XL:     2   Next: 65%
Magic:  2/2        EV: 12    Int:  9    God:
Gold:   30         SH:  0    Dex: 14    Spells: 1/1 levels left

rFire   . . .      SeeInvis .   a - +0 long sword
rCold   . . .      Faith    .   (no shield)
rNeg    . . .      Spirit   .   b - +0 leather armour
rPois   .          Reflect  .   c - +0 helmet
rElec   .          Harm     .   (no cloak)
rCorr   .          Rampage  .   (no gloves)
Will    .....                   (no boots)
Stlth   +.........              (no amulet)
HPRegen 0.07/turn               e - ring of flight
MPRegen 0.08/turn               (no ring)

@: lethally poisoned (0 -> -5), flying
A: demonic guardian 1
a: no special abilities


You were on level 2 of the Dungeon.
You visited 1 branch of the dungeon, and saw 2 of its levels.

You collected 30 gold pieces.

Inventory:

Hand Weapons
 a - a +0 long sword (weapon)
Missiles
 d - 3 throwing nets (quivered)
Armour
 b - a +0 leather armour (worn)
 c - a +0 helmet (worn)
Jewellery
 e - a ring of flight (left hand)
Scrolls
 f - 3 scrolls of fear {unknown}
 g - a scroll of vulnerability {unknown}
Potions
 h - 2 potions of berserk rage {unknown}


   Skills:
 + Level 2.2 Fighting
 + Level 3.2 Long Blades
 - Level 1.7 Throwing
 * Level 1.0 Armour
 - Level 2.6 Dodging


You had one spell level left.
You didn't know any spells.
Your spell library contained the following spells:

 Spells                   Type           Power      Damage    Failure   Level
 Summon Forest            Summ/Tloc      0%         N/A       100%        5
 Eringya's Noxious Bog    Tmut/Pois      0%         N/A       100%        6
 Summon Hydra             Summ           0%         N/A       100%        7


Dungeon Overview and Level Annotations

Branches:
Dungeon (2/15)

Altars:


Innate Abilities, Weirdness & Mutations

A weak demonic guardian rushes to your aid.


Message History

No target in view!
HP restored.
You see here a +0 dagger.
Found a dagger.
You see here a +0 dagger.
An adder and a giant cockroach come into view.
A frilled lizard comes into view.
There are monsters nearby!
There are monsters nearby!
The frilled lizard hisses angrily.
You hear an angry hiss.
The giant cockroach bites you. The giant cockroach closely misses you.
The adder hisses angrily.
The giant cockroach barely misses you.
There are monsters nearby!
You hit the giant cockroach.
The giant cockroach is almost dead.
The giant cockroach bites you.
You hit the giant cockroach.
You kill the giant cockroach!
You miss the adder. The adder closely misses you.
The adder bites you but does no damage.
You closely miss the adder. Your punch misses the adder.
The adder bites you but does no damage. The adder bites you.
You closely miss the adder. The adder bites you.
You are poisoned.
The adder poisons you!
You miss the adder.
You feel sick. The adder bites you. The adder bites you but does no damage.
You miss the adder.
You feel sick. The adder bites you. x2
* * * LOW HITPOINT WARNING * * *
You are lethally poisoned!
The adder poisons you!
You barely miss the adder. Your punch misses the adder.
* * * LOW HITPOINT WARNING * * *
You feel very sick. The adder bites you.
* * * LOW HITPOINT WARNING * * *
A demonic guardian appears!
Unknown command.
You die...

.B......#
...B.....
........#
........#
..S.....# #l# #S#
#.# #@#
#5################
#................)
##################
#... #.## #...
####


You could see an adder (ally target), a frilled lizard and a friendly ufetubus
(summoned).

Vanquished Creatures
  3 endoplasms (D:1)
  4 giant cockroaches
  2 goblins
  2 hobgoblins (D:1)
  A kobold (D:1)
  A ball python (D:1)
  3 bats (D:1)
  2 rats (D:1)
18 creatures vanquished.

Notes
Turn   | Place    | Note
-------+----------+-------------------------------------------
     0 | D:1      | champignon the Demonspawn Gladiator began the quest for the
                  | Orb.
     0 | D:1      | Reached XP level 1. HP: 16/16 MP: 1/1
   509 | D:1      | Reached skill level 3 in Long Blades
   531 | D:1      | Gained mutation: A weak demonic guardian rushes to your
                  | aid. [demonic ancestry]
   531 | D:1      | Reached XP level 2. HP: 22/22 MP: 2/2
  1190 | D:2      | Reached skill level 1 in Armour
  1234 | D:2      | HP: 1/22 [adder (2)]
  1235 | D:2      | Succumbed to an adder's poison

Illustrated notes

Levels and vault maps discovered:
D:1:      minmay_arrival_widening_spiral_wide, layout_basic,
          chequers_serial_rivers_marsh, minivault_27, minmay_tetromino_o4
D:2:      layout_basic, basic_altar

Skill      XL: |  1  2 |
---------------+-------+-----
Long Blades    | 3 |  3.2
Armour         | 1 |  1.0
Fighting       | |  2.2
Throwing       | |  1.7
Dodging        | |  2.6

Action                   || total
-------------------------++-------
Melee: Long sword        ||    51
Armor: Leather armour    ||    22
Dodge: Dodged            ||    32
